 Dungeon Crawl Stone Soup version 0.32-a0-986-ga09f62fbf4 (webtiles) character file.

Game seed: 9492366198508122882

1045 GiantSquids the Skirmisher (level 8, -3/62 HPs)
             Began as a Coglin Hunter on Apr 21, 2024.
             Was a Follower of Makhleb.
             Slain by an orc
             ... wielding a +2 heavy trident
              (14 damage)
             ... on level 6 of the Dungeon.
             The game lasted 00:07:20 (4588 turns).

GiantSquids the Skirmisher (Coglin Hunter)          Turns: 4588, Time: 00:07:21

Health: -3/62      AC:  6    Str: 12    XL:     8   Next: 25%
Magic:  8/8        EV: 11    Int:  8    God:    Makhleb [*.....]
Gold:   283        SH:  0    Dex: 20    Spells: 7/7 levels left

rFire   . . .        a - +2 sling {Kanlaya}
rCold   . . .        d - +0 sling {Tomás}
rNeg    . . .        c - +0 leather armour
rPois   .            k - +0 helmet
rElec   .            (no cloak)
rCorr   .            w - +0 pair of gloves
SInv    .            u - +0 pair of boots
Will    .....        (amulet unavailable)
Stlth   ++           (ring unavailable)
HPRegen 0.30/turn    (ring unavailable)
MPRegen 0.11/turn    (no gizmo)

%: no passive effects
@: revved
A: off-hand wielding, slow wielding, warmup strikes, no jewellery
a: Invent Gizmo, Renounce Religion


You were on level 6 of the Dungeon.
You worshipped Makhleb.
Makhleb was aware of your devotion.
You visited 1 branch of the dungeon, and saw 6 of its levels.

You collected 283 gold pieces.

Inventory:

Hand Weapons
 a - a +2 sling (weapon) {Kanlaya}
 d - a +0 sling (offhand) {Tomás}
Armour
 c - a +0 leather armour (worn)
 k - a +0 helmet (worn)
 u - a +0 pair of boots (worn)
 w - a +0 pair of gloves (worn)
Wands
 s - a wand of paralysis (7)
Scrolls
 b - a scroll of butterflies
 e - 5 scrolls of teleportation {unknown}
 i - a scroll of silence {unknown}
 j - a scroll of enchant weapon {unknown}
 m - a scroll of immolation {unknown}
 o - 3 scrolls of identify {unknown}
 p - 2 scrolls of noise {unknown}
 q - 2 scrolls of torment {unknown}
 r - a scroll of amnesia {unknown}
 t - 3 scrolls of enchant armour {unknown}
 v - a scroll of brand weapon {unknown}
 x - a scroll of fear {unknown}
 y - a scroll of revelation {unknown}
Potions
 f - a potion of mutation {unknown}
 g - a potion of berserk rage {unknown}
 h - 2 potions of heal wounds {unknown}
 l - 2 potions of curing {unknown}
 n - a potion of might {unknown}
 z - a potion of haste {unknown}


   Skills:
 - Level 5.0 Fighting
 * Level 8.3 Ranged Weapons
 - Level 1.7 Dodging
 - Level 0.7 Stealth


You had 7 spell levels left.
You didn't know any spells.
Your spell library contained the following spells:

 Spells                   Type           Power      Damage    Failure   Level
 Sandblast                Erth           0%         2d4       50%         1
 Call Imp                 Summ           0%         N/A       63%         2
 Sublimation of Blood     Necr           0%         N/A       63%         2
 Fugue of the Fallen      Necr           0%         N/A       86%         3
 Ozocubu's Armour         Ice            0%         N/A       86%         3
 Passwall                 Erth           0%         N/A       86%         3
 Stone Arrow              Conj/Erth      0%         3d7       86%         3
 Manifold Assault         Tloc           0%         N/A       100%        7
 Summon Hydra             Summ           0%         N/A       100%        7


Dungeon Overview and Level Annotations

Branches:
Dungeon (6/15)
 Temple: D:4-7

Altars:
Dithmenos
Elyvilon
Gozag
Hepliaklqana
Kikubaaqudgha
Makhleb
Nemelex Xobeh
Qazlal
Trog
Uskayaw
Vehumet
Wu Jian
Xom

Shops:
D:4 (


Innate Abilities, Weirdness & Mutations

You can wield a second weapon in your off-hand.
It takes a long time for you to wield or remove held weapons.
Your first few attacks do less damage.
You cannot equip rings or amulets.


Message History

The howler monkey hoots and howls with incredible vigour!
The ufetubus hits you but does no damage.
The ufetubus hits you.
* * * LOW HITPOINT WARNING * * *
The orc hits you from afar with a +2 heavy trident.
* * * LOW HITPOINT WARNING * * *
The howler monkey closely misses you. The ufetubus attacks as it pursues you!
The ufetubus hits you but does no damage.
The ufetubus barely misses you.
The ufetubus hits you but does no damage.
The ufetubus closely misses you.
You shoot a sling bullet. The sling bullet hits the ufetubus.
The ufetubus is heavily wounded.
You shoot a sling bullet.
The sling bullet barely misses the ufetubus.
The sling bullet hits the howler monkey.
The howler monkey is almost dead.
The ufetubus barely misses you. The ufetubus misses you.
The howler monkey hoots and howls with incredible vigour!
The orc hits you but does no damage.
You shoot a sling bullet.
The sling bullet barely misses the ufetubus.
The sling bullet hits the howler monkey.
You kill the howler monkey!
Makhleb accepts your kill.
You shoot a sling bullet. The sling bullet hits the ufetubus.
The ufetubus is almost dead.
The ufetubus slips past you! The ufetubus closely misses you.
The ufetubus barely misses you.
The ufetubus hits you but does no damage.
The ufetubus hits you.
* * * LOW HITPOINT WARNING * * *
You shoot a sling bullet. The sling bullet misses the ufetubus.
You shoot a sling bullet. The sling bullet hits the ufetubus.
The ufetubus is almost dead.
The ufetubus hits you but does no damage.
The ufetubus barely misses you.
The orc hits you from afar with a +2 heavy trident!
You die...

.. #####... .
#####..... .#
#......... .## #
#......### ..#.##
#......#
#.####.#..####......###
#..o.o†................
#.###########.#### #@.#
#.#... #5.## #.##..
#...# #.#... #...####
#"#...
#......######.#...
#.................
##.####..####.#...
.......#.# #[#...
###.###.#.# #.#...


You could see an ufetubus and an orc.

Vanquished Creatures
  2 black bears (D:6)
  An ogre (D:6)
  2 phantoms
  A scorpion (D:4)
  2 howler monkeys
  2 bombardier beetles
  3 hounds
  A gnoll bouda (D:5)
  2 jellies (D:3)
  2 iguanas (D:5)
  5 gnolls (D:5)
  6 adders
  2 shadow imps (D:6)
  3 ufetubi
  A dart slug (D:1)
  3 ribbon worms
  9 orcs
  2 bats (D:3)
  6 endoplasms
  2 giant cockroaches
  7 goblins
  4 hobgoblins
  7 ball pythons
  2 frilled lizards (D:2)
  4 kobolds
  5 rats
86 creatures vanquished.

Notes
Turn   | Place    | Note
-------+----------+-------------------------------------------
     0 | D:1      | GiantSquids the Coglin Hunter began the quest for the Orb.
     0 | D:1      | Reached XP level 1. HP: 16/16 MP: 1/1
   321 | D:1      | Reached XP level 2. HP: 22/22 MP: 2/2
   615 | D:1      | Reached skill level 4 in Ranged Weapons
   925 | D:2      | Found a faded altar of an unknown god.
  1278 | D:2      | Reached XP level 3. HP: 28/28 MP: 3/3
  1910 | D:3      | Found a hazy altar of Hepliaklqana.
  1912 | D:3      | Found an ancient bone altar of Kikubaaqudgha.
  1923 | D:3      | Found a burning altar of Makhleb.
  1924 | D:3      | Found a hide-covered altar of Uskayaw.
  1924 | D:3      | Found a bloodstained altar of Trog.
  1924 | D:3      | Found an ornate altar of the Wu Jian Council.
  1924 | D:3      | Found a stormy altar of Qazlal.
  1926 | D:3      | Found a radiant altar of Vehumet.
  1927 | D:3      | Found a shadowy altar of Dithmenos.
  1928 | D:3      | Found a sparkling altar of Nemelex Xobeh.
  1929 | D:3      | Found a white marble altar of Elyvilon.
  1930 | D:3      | Found an opulent altar of Gozag.
  1934 | D:3      | Reached XP level 4. HP: 34/34 MP: 4/4
  1940 | D:3      | Became a worshipper of Makhleb the Destroyer
  2179 | D:3      | Reached skill level 5 in Ranged Weapons
  2179 | D:3      | Reached XP level 5. HP: 17/41 MP: 5/5
  2278 | D:3      | Found a shimmering altar of Xom.
  3013 | D:4      | Found Ynnuath's Weapon Emporium.
  3047 | D:4      | Reached * piety under Makhleb
  3060 | D:4      | Reached XP level 6. HP: 48/48 MP: 6/6
  3180 | D:4      | Reached skill level 6 in Ranged Weapons
  3445 | D:5      | Entered Level 5 of the Dungeon
  3483 | D:5      | Reached XP level 7. HP: 50/55 MP: 7/7
  4090 | D:5      | Reached skill level 7 in Ranged Weapons
  4155 | D:5      | Reached skill level 5 in Fighting
  4514 | D:6      | Reached XP level 8. HP: 62/62 MP: 8/8
  4576 | D:6      | Reached skill level 8 in Ranged Weapons
  4588 | D:6      | Slain by an orc

Illustrated notes

Levels and vault maps discovered:
D:1:      saegor_arrival_simple_b, layout_basic
D:2:      layout_loops_corners, nicolae_ecumenical_lake_church,
          roderic_serpentine_path
D:3:      layout_basic, minitemple, dk_xom_monty_hall
D:4:      layout_loops_ring, serial_shops, nicolae_shop_statue_plus
D:5:      layout_loops_cross
D:6:      layout_basic

Skill      XL: |  1  2  3  4  5  6  7  8 |
---------------+-------------------------+-----
Ranged Weapons | 4 5 6 7 8 |  8.3
Fighting       | 3 4 5 |  5.0
Dodging        | |  1.7
Stealth        | |  0.7

Action                     |  1- 3 |  4- 6 |  7- 9 || total
---------------------------+-------+-------+-------++-------
   Fire: Sling             |   112 |   178 |   170 ||   460
 Armour: Leather armour    |     6 |    12 |    48 ||    66
  Dodge: Dodged            |    10 |    15 |    56 ||    81

Table legend: (Time is in decaauts)
 A = Elapsed time spent in this place.
 B = Non-inter-level travel time spent in this place.
 C = Inter-level travel time spent in this place.
 D = Time resting spent in this place.
 E = Time spent auto-exploring this place.
 F = Levels seen in this place.
 G = Mean time per level.
                   A        B        C        D        E       F      G
               +--------+--------+--------+--------+--------+-----+--------+
         Total |   4624 |   4487 |    137 |    305 |   3683 |   6 |  770.7 |
       Dungeon |   4624 |   4487 |    137 |    305 |   3683 |   6 |  770.7 |
               +--------+--------+--------+--------+--------+-----+--------+

Top non-repeatable levels by time:
     D:3: 1193 daAuts
     D:2: 935 daAuts
     D:5: 925 daAuts
     D:1: 786 daAuts
     D:4: 558 daAuts
     D:6: 225 daAuts
